Map: 国王藏宝地-天梯版

Players

Lobo - Winner!

  • Race: Protoss Protoss

StriKE

  • Race: Terran Terran
  • League: Grandmaster

Event: WESG 2018 Grand Finals

VOD

Have the link to the VOD?

Description

Time

  • Played on: March 11, 2019, 12:25 a.m.
  • Length: 8:23

All games in this series

Show
View Real Time Build Order
Export as new Build Order

Lobo Protoss - Winner!

Build Orders: 1 Gate Expand, Blink Stalkers 

Get SALT Encoding   

  12  0:00  Probe  
  13  0:12  Probe  
  14  0:18  Pylon  
  14  0:25  Probe  
  15  0:34  Probe  
  15  0:38  Gateway  
  16  0:42  Probe  
  16  0:48  Assimilator  
  17  0:51  Probe  
  18  1:03  Probe  
  19  1:15  Probe  
  20  1:26  Nexus  
  20  1:37  Cybernetics Core, Probe  
  21  1:43  Assimilator  
  21  1:50  Probe  
  21  1:53  Pylon  
  22  2:02  Probe  
  22  2:03  Adept  
  23  2:14  Probe, Warp Gate  
  26  2:26  Probe  
  26  2:27  Sentry  
  29  2:38  Probe  
  29  2:40  Probe  
  29  2:41  Twilight Council  
  31  2:47  Stalker  
  31  2:50  Probe  
  32  2:52  Probe  
  35  3:02  Probe  
  35  3:04  Probe  
  37  3:08  Blink  
  37  3:14  Probe  
  37  3:16  Pylon, Probe  
  39  3:26  Probe  
  40  3:28  Probe, Gateway  
  40  3:32  Gateway  
  41  3:38  Probe  
  41  3:40  Probe  
  41  3:41  Sentry  
  45  3:51  Gateway  
  45  3:52  Gateway  
  45  4:16  Probe  
  45  4:17  Probe  
  47  4:22  Gateway  
  47  4:23  Pylon  
  47  4:26  Gateway  
  47  4:27  Stalker  
  47  4:28  Stalker x2  
  53  4:35  Pylon  
  53  4:36  Pylon  
  53  4:37  Assimilator  
  53  4:41  Gateway  
  53  4:47  Stalker x2  
  57  4:54  Pylon, Probe x2  
  57  4:58  Stalker  
  61  5:07  Stalker x2  
  61  5:08  Pylon  
  61  5:11  Probe  
  66  5:20  Stalker  
  66  5:21  Stalker  
  70  5:33  Stalker  
  71  5:46  Stalker x2  
  71  5:47  Stalker x2  
  75  6:00  Stalker x2  
  75  6:01  Stalker  
  67  6:09  Stalker  
  67  6:11  Zealot x3  
  67  6:15  Probe x2  
  67  6:17  Assimilator  
  75  6:25  Stalker x2  
  79  6:27  Probe  
  64  6:49  Stalker x4  
  60  7:12  Stalker  
  60  7:13  Stalker x3  
  60  7:14  Zealot x3  
  60  7:15  Zealot  
  72  7:44  Stalker x4  
  72  7:45  Stalker  
  82  7:51  Probe x2  
  82  8:02  Stalker x3  
Show
View Real Time Build Order
Export as new Build Order

StriKE Terran 

Build Orders:  

Get SALT Encoding   

  12  0:00  SCV  
  13  0:13  SCV  
  14  0:18  Supply Depot  
  14  0:25  SCV  
  15  0:39  SCV  
  15  0:41  Barracks  
  16  0:45  Refinery  
  16  0:51  SCV  
  17  1:03  SCV  
  18  1:15  SCV  
  19  1:27  Marine  
  19  1:28  Orbital Command  
  20  1:44  Command Center  
  20  1:48  Barracks Reactor  
  20  1:56  SCV  
  20  2:01  Supply Depot  
  21  2:15  Barracks  
  21  2:16  SCV  
  22  2:25  Marine x2  
  22  2:27  Barracks  
  24  2:32  SCV  
  25  2:44  SCV  
  25  2:48  Marine  
  25  2:49  Reaper  
  28  2:56  Orbital Command, SCV  
  29  3:03  Barracks Tech Lab  
  29  3:06  Marine  
  30  3:14  SCV  
  30  3:15  Bunker, Barracks Tech Lab  
  31  3:24  Marauder, Stimpack  
  31  3:25  Marine x2  
  35  3:28  SCV  
  35  3:32  Supply Depot, SCV  
  37  3:36  Marauder, Combat Shield  
  39  3:42  Marine  
  39  3:43  Marine  
  39  3:46  Marauder  
  43  3:53  Engineering Bay  
  43  4:01  Marine x2  
  43  4:02  Marauder  
  47  4:03  Supply Depot  
  47  4:08  SCV x2  
  49  4:15  Marauder  
  51  4:23  Marine  
  51  4:24  Marine, Missile Turret  
  53  4:25  Marauder  
  53  4:27  Missile Turret  
  53  4:28  SCV x2  
  57  4:33  Supply Depot  
  57  4:37  Supply Depot  
  57  4:40  Marauder  
  59  4:46  Marine x2  
  61  4:55  Marauder  
  63  5:00  Concussive Shells  
  63  5:06  Refinery, Command Center  
  63  5:07  SCV  
  64  5:18  Marauder x2, Marine x2  
  64  5:20  SCV x2  
  70  5:32  SCV  
  70  5:33  SCV  
  72  5:36  Marine  
  72  5:40  Marauder x2  
  77  5:47  Marine  
  73  6:00  Marine  
  73  6:01  Marauder x2, SCV x2  
  65  6:08  Terran Infantry Weapons Level 1  
  65  6:09  Refinery x2  
  57  6:13  SCV  
  57  6:17  Missile Turret  
  58  6:19  Orbital Command  
  58  6:22  Marauder, Factory  
  58  6:24  Marauder  
  62  6:30  Marine x2  
  62  6:44  Marauder  
  62  6:45  Marine  
  57  6:48  Marine x2  
  59  6:55  SCV  
  59  6:56  SCV  
  61  7:03  Marauder  
  61  7:05  Marauder  
  61  7:06  Marine x2  
  60  7:15  Bunker  
  56  7:19  Widow Mine  
  56  7:20  Starport  
  58  7:23  Marine  
  58  7:25  Marauder  
  58  7:27  Marauder  
  58  7:29  Marine  
  50  7:46  Marauder  
  50  7:48  Marauder, Marine x2  
  47  7:55  Widow Mine  
Tags
 
Add a new tag
Caveats
  • Supply blocks, unpowered buildings, or Contaminate may cause inaccurate times.
  • Supply counts are checked every 10 seconds.